 Dungeon Crawl Stone Soup version 0.19-a0-1834-g6b7851e (console) character file.

114 brucemayne the Chopper (level 4, -4/39 HPs)
             Began as a Hill Orc Monk on Oct 8, 2016.
             Was a Believer of Makhleb.
             Killed by divine providence
             ... invoked by an orc priest
              (12 damage)
             ... on level 6 of the Dungeon.
             The game lasted 00:04:10 (1053 turns).

brucemayne the Chopper (Hill Orc Monk)              Turns: 1053, Time: 00:04:11

Health: -4/39      AC:  9    Str: 14    XL:     4   Next: 97%
Magic:  4/4        EV:  6    Int: 10    God:    Makhleb [**....]
Gold:   73         SH:  0    Dex: 13    Spells: 0 memorised, 3 levels left

rFire  . . .     SeeInvis .     a - +0 hand axe
rCold  . . .     Gourm    .     l - +0 chain mail
rNeg   . . .     Faith    .     (no shield)
rPois  .         Spirit   .     (no helmet)
rElec  .         Dismiss  .     (no cloak)
rCorr  .         Reflect  .     (no gloves)
MR     .....     Harm     .     e - +0 pair of boots
Stlth  ..........               (no amulet)
                                (no ring)
                                f - ring of stealth

@: no status effects
A: no striking features
a: Minor Destruction, Renounce Religion, Convert to Beogh


You were on level 6 of the Dungeon.
You worshipped Makhleb.
Makhleb was pleased with you.
You were not hungry.

You visited 2 branches of the dungeon, and saw 8 of its levels.

You collected 73 gold pieces.

Inventory:

Hand Weapons
 a - a +0 hand axe (weapon)
Armour
 b - a +0 robe
 e - a +0 pair of boots (worn)
 j - a +0 plate armour
 l - a +0 chain mail (worn)
Jewellery
 f - a ring of stealth (left hand)
Wands
 m - a wand of iceblast (7/15)
 q - a wand of lightning (4/15)
Scrolls
 d - a scroll of enchant armour {unknown}
 h - 3 scrolls of remove curse {unknown}
 i - a scroll of identify {unknown}
 o - a scroll of fear {unknown}
Potions
 k - 2 potions of resistance {unknown}
 n - a potion of curing {unknown}
 p - a potion of berserk rage {unknown}
Comestibles
 c - 4 bread rations
 g - a fruit


   Skills:
 - Level 3.6 Fighting
 + Level 7.2 Axes
 - Level 2.4 Dodging
 - Level 1.5 Stealth


You had 3 spell levels left.
You didn't know any spells.

Dungeon Overview and Level Annotations

Branches:
Dungeon (7/15)             Temple (1/1) D:6

Altars:
Ashenzari
Cheibriados
Dithmenos
Elyvilon
Fedhas
Makhleb
Nemelex Xobeh
Ru
Sif Muna
Trog
Vehumet
Xom
Zin

Annotations:
D:4 Duvessa
D:5 Blork the orc, Edmund


Message History

The orc priest is lightly wounded.
You hit the orc. The orc hits you with a war axe!
The orc priest hits you with a flail!
You hit the orc.
The orc is heavily wounded.
Your chain mail prevents you from hitting the orc priest.
You slash the orc!
You kill the orc!
Makhleb accepts your kill.
You closely miss the orc priest. The orc priest barely misses you.
You hit the orc priest but do no damage.
The orc priest is lightly wounded.
The orc priest hits you with a flail.
* * * LOW HITPOINT WARNING * * *
Evoke which item? (* to show all) (? for menu, Esc to quit)
Okay, then.
Okay, then.
The orc priest invokes the aid of Beogh against you.
Beogh smites you!
You die...

............##.......#
##........#.##.......#
.†........#.##.....###
#.........#.##.....#
####......#.##....<# .
......###.##.....#
######### #........#
....# ##......)###
....# #.###@.o..#
....# #####.#######.#
....####...........#.#
....#....####.####.#.#
.........# ..... #...#
....#....#.......#(###
#####....#.......#(#
............._.....#
.........#.......#.#


You could see an orc priest.

Vanquished Creatures
  A jelly (D:6)
  A hound (D:5)
  A shadow imp (D:3)
  A leopard gecko (D:7)
  An orc (D:6)
  4 giant cockroaches
  9 goblins
  6 hobgoblins
  6 jackals
  A quokka (D:3)
  2 bats
  2 frilled lizards
  2 kobolds
  4 rats
41 creatures vanquished.

Notes
Turn   | Place    | Note
-------+----------+-------------------------------------------
     0 | D:1      | brucemayne the Hill Orc Monk began the quest for the Orb.
     0 | D:1      | Reached XP level 1. HP: 19/19 MP: 1/1
    66 | D:1      | Reached XP level 2. HP: 11/26 MP: 2/2
   194 | D:3      | Reached skill level 5 in Axes
   235 | D:3      | Reached XP level 3. HP: 21/31 MP: 3/3
   503 | D:4      | Reached skill level 6 in Axes
   517 | D:5      | Entered Level 5 of the Dungeon
   529 | D:5      | Reached XP level 4. HP: 25/39 MP: 4/4
   552 | D:4      | Noticed Duvessa
   613 | D:5      | Noticed Edmund
   613 | D:5      | Noticed Blork the orc
   638 | D:6      | Reached skill level 7 in Axes
   887 | D:6      | Found a glowing silver altar of Zin.
   938 | D:6      | Found a staircase to the Ecumenical Temple.
   955 | Temple   | Entered the Ecumenical Temple
   992 | Temple   | Became a worshipper of Makhleb the Destroyer
   992 | Temple   | Reached * piety under Makhleb
   992 | Temple   | Reached ** piety under Makhleb
  1020 | D:5      | Noticed a centaur
  1053 | D:6      | Killed from afar by an orc priest

Vault maps used:
D:1:      shiori_arrival_oz
D:3:      kennysheep_the_goblin_king
D:4:      first_bread, uniq_crazy_yiuf_cottage, uniq_duvessa
D:5:      grunt_temple_overflow_open, uniq_edmund, uniq_blork_the_orc
D:6:      old_standard_altar
D:7:      the_bakery, serial_bayou_lake_a
Temple:   regret_index_temple_mists

Skill      XL: |  1  2  3  4 |
---------------+-------------+-----
Axes           | 5 6 7 |  7.2
Fighting       | |  3.6
Dodging        | |  2.4
Stealth        | |  1.5

Action                   |  1- 3 |  4- 6 || total
-------------------------+-------+-------++-------
Melee: Hand axe          |    97 |    28 ||   125
 Stab: Sleeping          |     2 |       ||     2
  Eat: Fruit             |       |     1 ||     1
Armor: Robe              |     5 |       ||     5
       Chain mail        |    23 |    17 ||    40
Dodge: Dodged            |    51 |     9 ||    60
